AoeStats
← 赢嘤嘤嘤嘤因

Arena

510737935Analyzed
4v4 RM · 8h ago on Oct 2, 2026· 48m 53s· 8 players
Game mode
Random Map
Map size
Large (8 player)
Population
200
Speed
Normal
Resources
Standard
Victory
Conquest
Starting age
Dark Age
Ending age
Imperial Age
RankedLock teamsTeams togetherTeam positionsShared explorationLock speedFull tech treeHidden civsTurbo modeCheats
Victory
Defeat
🇷🇺 Burgundians · Russia
1077
+16
🇨🇳 Italians · China
1033
+18
🇦🇹 Teutons · Austria
1029
+18
🇨🇳 Poles · China
1016
+18
🇨🇳 Wu · China
1099
-19
🇨🇳 Italians · China
1080
-18
🇨🇳 Lithuanians · China
1065
-17
🇨🇳 Chinese · China
1028
-16
钢的根
7:45 Loom
9:45 Feudal Age
14:55 Castle Age
13:10 Horse Collar
13:28 Double-Bit Axe
21:47 Wheelbarrow
25:49 Redemption
芒果芋圆冰
2:49 Loom
10:53 Feudal Age
12:47 Double-Bit Axe
15:11 Castle Age
16:05 Bow Saw
16:25 Horse Collar
17:13 Heavy Plow
19:56 Wheelbarrow
22:17 Hand Cart
22:04 Loom
22:10 Town Watch
22:13 Loom
23:18 Gold Mining
26:05 Gold Shaft Mining
25:21 Stone Mining
29:30 Imperial Age
27:34 Ballistics
27:08 Fletching
26:46 Crossbowman
28:36 Padded Archer Armor
28:33 Bodkin Arrow
28:39 Padded Archer Armor
28:25 Treadmill Crane
28:55 Masonry
29:02 Town Patrol
30:29 Leather Archer Armor
30:21 Bracer
31:24 Chemistry
30:05 Arbalester
32:12 Two-Man Saw
31:50 Stone Shaft Mining
31:56 Architecture
32:59 Conscription
34:41 Leather Archer Armor
34:42 Sitting Tiger
xiaoluyeah
0:28 Loom
11:23 Feudal Age
13:23 Double-Bit Axe
16:04 Castle Age
15:01 Horse Collar
19:47 Gold Mining
19:49 Stone Mining
21:06 Bow Saw
21:50 Heavy Plow
24:09 Wheelbarrow
26:11 Hand Cart
29:23 Imperial Age
26:39 Town Watch
28:02 Padded Archer Armor
27:46 Treadmill Crane
28:56 Ballistics
29:39 Leather Archer Armor
29:17 Fletching
30:39 Thumb Ring
31:38 Chemistry
31:05 Conscription
32:29 Two-Man Saw
32:02 Crop Rotation
31:53 Bodkin Arrow
32:28 Ring Archer Armor
32:31 Masonry
32:17 Murder Holes
34:03 Bloodlines
33:53 Husbandry
34:45 Stone Shaft Mining
34:21 Scale Barding Armor
33:54 Light Cavalry
35:33 Silk Road
35:11 Elite Genoese Crossbowman
42:41 Bracer
43:03 Chain Barding Armor
Pay It Forward
0:34 Loom
10:41 Feudal Age
17:07 Castle Age
15:16 Double-Bit Axe
15:32 Horse Collar
16:00 Gold Mining
18:40 Fletching
19:07 Bow Saw
19:28 Bodkin Arrow
22:09 Ballistics
23:10 Padded Archer Armor
25:27 Wheelbarrow
26:06 Thumb Ring
25:44 Elite Skirmisher
28:45 Hand Cart
28:49 Town Watch
34:10 Imperial Age
34:15 Masonry
34:23 Leather Archer Armor
35:04 Gold Shaft Mining
34:33 Heavy Plow
35:14 Conscription
34:55 Elite Chu Ko Nu
37:18 Chemistry
36:28 Bracer
37:58 Ring Archer Armor
38:32 Two-Man Saw
38:21 Fortified Wall
38:56 Great Wall
45:38 Architecture
47:49 Fervor
48:00 Sanctity
Biskrem
12:01 Feudal Age
16:20 Castle Age
14:22 Double-Bit Axe
14:29 Horse Collar
15:13 Stone Mining
18:16 Loom
19:30 Bow Saw
25:37 Heavy Plow
26:45 Scale Mail Armor
28:09 Forging
33:38 Imperial Age
32:35 Gambesons
32:50 Squires
32:36 Arson
32:12 Man-at-Arms
33:58 Chain Mail Armor
34:18 Iron Casting
33:49 Arson
35:14 Plate Mail Armor
34:27 Long Swordsman
35:05 Capped Ram
35:23 Two-Handed Swordsman
37:05 Blast Furnace
36:24 Champion
38:33 Conscription
43:21 Wheelbarrow
44:35 Hand Cart
45:51 Two-Man Saw
46:44 Crop Rotation
Im Noob
10:38 Feudal Age
15:08 Castle Age
19:01 Double-Bit Axe
19:54 Wheelbarrow
19:05 Horse Collar
20:15 Bow Saw
23:58 Heavy Plow
27:14 Gold Mining
31:16 Imperial Age
30:00 Hand Cart
29:40 Stone Mining
30:49 Scale Barding Armor
30:54 Forging
31:15 Husbandry
31:25 Bloodlines
30:36 Light Cavalry
32:23 Chain Barding Armor
33:00 Iron Casting
34:32 Plate Barding Armor
33:21 Hussar
34:24 Conscription
35:52 Blast Furnace
35:59 Two-Man Saw
35:38 Crop Rotation
赢嘤嘤嘤嘤因
9:49 Feudal Age
14:17 Castle Age
13:01 Double-Bit Axe
13:55 Horse Collar
19:05 Bow Saw
21:40 Wheelbarrow
24:05 Hand Cart
24:50 Gold Mining
29:15 Imperial Age
26:45 Loom
27:30 Town Watch
28:31 Stone Mining
28:52 Scale Barding Armor
28:58 Forging
28:51 Padded Archer Armor
28:41 Fletching
29:52 Szlachta Privileges
30:37 Chain Barding Armor
30:41 Husbandry
30:45 Cavalier
34:13 Leather Archer Armor
34:35 Iron Casting
35:36 Bodkin Arrow
36:29 Heavy Plow
40:48 Elite Skirmisher
43:59 Ballistics
44:39 Chemistry
48:01 Crop Rotation
47:01 Capped Ram
48:31 Siege Ram
AngryKok
0:27 Loom
5:04 Double-Bit Axe
6:51 Horse Collar
8:24 Wheelbarrow
12:09 Feudal Age
11:02 Gold Mining
13:36 Bow Saw
13:36 Heavy Plow
17:18 Castle Age
17:47 Forging
20:07 Cavalier
22:19 Husbandry
29:15 Light Cavalry
33:35 Imperial Age
31:23 Scale Barding Armor
33:02 Iron Casting
32:47 Chain Barding Armor
33:03 Burgundian Vineyards
33:19 Treadmill Crane
33:34 Murder Holes
35:22 Blast Furnace
33:46 Paladin
37:44 Plate Barding Armor
39:28 Hand Cart
41:45 Conscription
41:50 Fletching
42:00 Padded Archer Armor
42:24 Ballistics
43:05 Chemistry
41:47 Elite Skirmisher
42:55 Bodkin Arrow
44:04 Bracer
44:19 Leather Archer Armor
45:35 Two-Man Saw
44:57 Leather Archer Armor
Connection lost

Rejoining the realm…

Still unreachable

The connection could not be restored.

Session expired

The server has moved on; the page needs a fresh start.